 Dungeon Crawl Stone Soup version 0.20.1-1-g8b1a95d (webtiles) character file.

3147 letownia2 the Reanimator (level 9, -10/82 HPs)
             Began as a Deep Dwarf Necromancer on Nov 12, 2017.
             Was an Initiate of Gozag.
             Mangled by a two-headed ogre
             ... wielding a +0 giant club
              (19 damage)
             ... on level 8 of the Dungeon.
             The game lasted 00:24:59 (6896 turns).

letownia2 the Reanimator (Deep Dwarf Necromancer)   Turns: 6896, Time: 00:25:01

Health: -10/82     AC: 11    Str: 14    XL:     9   Next: 62%
Magic:  8/28       EV: 11    Int: 17    God:    Gozag
Gold:   761        SH:  0    Dex: 13    Spells: 18/22 levels left

rFire    . . .     SeeInvis .   a - +0 dagger (venom)
rCold    . . .     Gourm    .   (no shield)
rNeg     . . .     Faith    .   j - +0 ring mail
rPois    +         Spirit   .   w - +0 helmet
rElec    .         Reflect  .   o - +0 cloak
rCorr    .         Harm     .   (no gloves)
MR       +....                  M - +2 pair of boots
Stlth    +.........             (no amulet)
Regen    0.0/turn               g - ring of magical power
MPRegen  0.3/turn               y - ring of poison resistance

@: non-regenerating
A: damage resistance, heal wounds, sense surroundings 2, no regeneration
a: Heal Wounds, Potion Petition, Call Merchant, Bribe Branch, Renounce Religion


You were on level 8 of the Dungeon.
You worshipped Gozag.
Gozag was pleased with you.
You were not hungry.

You visited 2 branches of the dungeon, and saw 9 of its levels.

You collected 838 gold pieces.
You paid 77 gold pieces to Gozag.

Inventory:

Hand Weapons
 a - a +0 dagger of venom (weapon)
 u - a +0 shortbow
 B - a +0 dagger
Missiles
 s - 6 javelins (quivered)
 v - 104 arrows
Armour
 j - a +0 ring mail (worn)
 o - a +0 cloak (worn)
 w - a +0 helmet (worn)
 M - a +2 pair of boots (worn)
Jewellery
 g - a ring of magical power (left hand)
 y - a ring of poison resistance (right hand)
 E - an uncursed ring of flight
 H - an uncursed ring of fire
Wands
 d - a wand of iceblast (7/15)
 p - a wand of polymorph (5/24)
 x - a wand of paralysis (1/24)
 z - a wand of confusion (35/48)
Scrolls
 f - a scroll of fog {unknown}
 h - a scroll of fear {unknown}
 i - 3 scrolls of magic mapping
 l - 3 scrolls of enchant armour {unknown}
 n - 4 scrolls of amnesia
 r - 6 scrolls of identify
 A - 2 scrolls of remove curse
 C - 2 scrolls of immolation {unknown}
 F - 5 scrolls of teleportation
 G - 2 scrolls of enchant weapon {unknown}
 N - a scroll of recharging {unknown}
Potions
 e - a potion of mutation {unknown}
 k - 2 potions of lignification {unknown}
 m - 2 potions of heal wounds {unknown}
 q - 3 potions of agility {unknown}
 D - 4 potions of curing
 I - 2 potions of haste {unknown}
 J - 2 potions of degeneration {unknown}
 K - a potion of berserk rage {unknown}
 L - a potion of resistance {unknown}
Books
 b - a book of Necromancy

   Spells                             Type                      Level
   a - Pain                           Necromancy                   1
   b - Animate Skeleton               Necromancy                   1
   c - Vampiric Draining              Necromancy                   3
   d - Regeneration                   Charms/Necromancy            3
   e - Animate Dead                   Necromancy                   4
   f - Control Undead                 Necromancy                   4
Comestibles
 c - 7 bread rations
 t - 6 meat rations


   Skills:
 - Level 5.8 Fighting
 - Level 3.2 Armour
 - Level 2.2 Dodging
 - Level 2.6 Stealth
 + Level 7.0 Spellcasting
 - Level 9.7 Necromancy


You had 18 spell levels left.
You knew the following spells:

 Your Spells              Type           Power        Failure   Level  Hunger
a - Pain                  Necr           ####         1%          1    None
v - Vampiric Draining     Necr           #####.....   1%          3    ##.....


Dungeon Overview and Level Annotations

Branches:
Dungeon (8/15)             Temple (1/1) D:6
   Lair: D:8-11

Altars:
Elyvilon
Gozag
Hepliaklqana
Okawaru
Qazlal
Sif Muna
Uskayaw
Xom

Shops:
D:6 }

Annotations:
D:8 Gastronok


Innate Abilities, Weirdness & Mutations

You are resistant to damage.
You can heal yourself by infusing magical energy.
You passively map the area around you.
You do not regenerate.


Message History

You climb downwards.
Level annotation: Gastronok A two-headed ogre comes into view.
It is wielding two giant clubs.
The two-headed ogre shouts in stereo!
You hear a shout! x3
The two-headed ogre hits you but does no damage.
The two-headed ogre hits you with a giant club!
Found a twisted brass wand and a spear.
Found an escape hatch in the floor.
An orc warrior comes into view. It is wielding a glaive.
There is a stone staircase leading up here.
Evoke which item? (* to show all) (? for menu, Esc to quit)
Aiming: Paralyse (will waste charges)
Press: ? - help, Shift-Dir - straight line, f - two-headed ogre
Aim: a two-headed ogre, wielding two giant clubs (chance to defeat MR: 28%)
The two-headed ogre easily resists.
Evoking this partially-identified wand wasted a few charges.
The two-headed ogre hits you with a giant club!!
* * * LOW HITPOINT WARNING * * *
The two-headed ogre hits you with a giant club!!
You die...
Your body crumbles into a pile of gold.

, ** , ,, ,
* ##... * ,
,,, .... *
#... ** * ,,
* #... * ,
,,,, #...* ,
, #... , ,,
#...#####../
,, #@.......
,,,,,
##O#...## *
* , ,... .#
* , ,
,,,.....
...).# * * *
, >..### , ,
...# *, ,* *
,, o..# ,, *
* * , , *,


You could see a two-headed ogre and an orc warrior.

Vanquished Creatures
  An ugly thing (D:7)
  2 yaks (D:7)
  2 water moccasins (D:5)
  Duvessa (D:6)
  An orc warrior (D:7)
  A phantom (D:7)
  An ice beast (D:7)
  3 centaurs
  3 ogres
  4 bullfrogs
  Dowan (D:6)
  2 scorpions
  4 howler monkeys
  A crimson imp (D:5)
  A bullfrog zombie (D:6)
  3 orc priests (D:7)
  A hound (D:4)
  A centaur skeleton (D:7)
  Jessica (D:2)
  3 bullfrog skeletons
  2 iguanas
  An orc wizard (D:4)
  6 worker ants
  A hound skeleton (D:7)
  3 gnolls (D:2)
  13 adders
  4 shadow imps
  2 oozes
  2 worms (D:4)
  2 dart slugs
  3 leopard geckos
  13 orcs
  2 ball pythons
  4 bats
  5 giant cockroaches
  11 goblins
  6 hobgoblins
  6 jackals
  4 kobolds
  3 quokkas
  7 frilled lizards
  7 rats
144 creatures vanquished.

Notes
Turn   | Place    | Note
-------+----------+-------------------------------------------
     0 | D:1      | letownia2 the Deep Dwarf Necromancer began the quest for the Orb.
     0 | D:1      | Reached XP level 1. HP: 15/15 MP: 3/3
     0 | D:1      | Noticed an orb of fire
     0 | D:1      | Noticed a green draconian
     1 | D:1      | Noticed an ice dragon
     1 | D:1      | Noticed an orb of fire
     3 | D:1      | Noticed a golden dragon
     3 | D:1      | Noticed an ice dragon
     8 | D:1      | Noticed an ice dragon
    10 | D:1      | Noticed a green draconian
    12 | D:1      | Noticed a tentacled monstrosity
    13 | D:1      | Noticed an ice dragon
    14 | D:1      | Noticed a tentacled monstrosity
    16 | D:1      | Noticed a tentacled monstrosity
    16 | D:1      | Noticed an ice dragon
    18 | D:1      | Noticed a shadow dragon
    18 | D:1      | Noticed an ice dragon
    20 | D:1      | Noticed an iron dragon
   149 | D:2      | Reached XP level 2. HP: 17/22 MP: 0/4
   369 | D:2      | Reached skill level 5 in Necromancy
   497 | D:3      | Reached XP level 3. HP: 21/28 MP: 6/6
   505 | D:3      | Learned a level 3 spell: Vampiric Draining
   796 | D:4      | Reached skill level 6 in Necromancy
   796 | D:4      | Reached XP level 4. HP: 29/36 MP: 2/7
   991 | D:4      | Reached skill level 1 in Armour
   991 | D:4      | Reached XP level 5. HP: 37/42 MP: 3/8
  1035 | D:4      | Noticed a phantom
  1213 | D:4      | Noticed an ogre
  1223 | D:4      | Killed an ogre
  1223 | D:4      | Reached skill level 7 in Necromancy
  1223 | D:4      | Reached XP level 6. HP: 9/49 MP: 1/9
  1608 | D:5      | Entered Level 5 of the Dungeon
  1771 | D:5      | Reached skill level 1 in Fighting
  1868 | D:5      | Noticed a water moccasin
  1874 | D:5      | Killed a water moccasin
  1925 | D:5      | Reached XP level 7. HP: 51/61 MP: 10/10
  2449 | D:5      | You fall through a shaft for 2 floors!
  2908 | D:6      | Noticed Duvessa
  2909 | D:6      | Noticed Dowan
  3056 | D:6      | Killed Duvessa
  3057 | D:6      | Killed Dowan
  3057 | D:6      | Reached XP level 8. HP: 63/73 MP: 8/12
  3098 | D:6      | Reached skill level 5 in Fighting
  3257 | D:6      | Found Elayl's Gadget Emporium.
  3386 | D:6      | Found a staircase to the Ecumenical Temple.
  3469 | Temple   | Entered the Ecumenical Temple
  3482 | Temple   | Became a worshipper of Gozag Ym Sagoz the Greedy
  3973 | D:2      | Noticed Jessica
  3976 | D:2      | Killed Jessica
  3976 | D:2      | Reached skill level 8 in Necromancy
  5710 | D:7      | Reached skill level 9 in Necromancy
  5710 | D:7      | Gained mutation: You passively map the area around you. [Deep Dwarf growth]
  5710 | D:7      | Reached XP level 9. HP: 71/82 MP: 2/16
  5763 | D:7      | Noticed a purple ugly thing
  5777 | D:7      | Killed a purple ugly thing
  5777 | D:7      | Reached skill level 5 in Spellcasting
  5922 | D:7      | Paralysed by an orc for 3 turns
  5927 | D:7      | Paralysed by an orc for 2 turns
  5932 | D:7      | Paralysed by an orc for 7 turns
  6841 | D:8      | Noticed Gastronok
  6895 | D:8      | Noticed a two-headed ogre
  6896 | D:8      | Mangled by a two-headed ogre

Skill      XL: |  1  2  3  4  5  6  7  8  9 |
---------------+----------------------------+-----
Spellcasting   | 2 4 7 |  7.0
Necromancy     | 5 6 7 9 |  9.7
Armour         | 1 3 |  3.2
Fighting       | 2 4 5 |  5.8
Dodging        | |  2.2
Stealth        | |  2.6

Action                   |  1- 3 |  4- 6 |  7- 9 || total
-------------------------+-------+-------+-------++-------
Melee: Unarmed           |     1 |       |       ||     1
       Dagger            |     8 |    53 |   404 ||   465
Throw: Javelin           |       |    15 |    12 ||    27
 Cast: Pain              |    31 |    20 |   134 ||   185
       Vampiric Draining |     6 |    26 |    76 ||   108
Evoke: Wand              |       |       |     1 ||     1
  Use: Scroll            |       |       |     6 ||     6
  Eat: Chunk             |       |     9 |     8 ||    17
       Royal jelly       |       |       |     3 ||     3
       Fruit             |       |       |     3 ||     3
       Meat ration       |       |       |     1 ||     1
Armor: Robe              |     4 |       |       ||     4
       Ring mail         |     6 |    22 |   244 ||   272
Dodge: Dodged            |     8 |    30 |   273 ||   311
